Wranglers vs Crunch

Created - November 26, 2025 at 19:01

Goals
1 2 3 T
Wranglers 0 2 2 4
Crunch 3 2 1 6
Shots
1 2 3 T
Wranglers 7 18 13 38
Crunch 9 9 16 34

1st period

1. Crunch , Gustav Lindstrom 2 (Andrei Svechnikov 11, Dylan Cozens 6) at 1:39 (PP)
2. Crunch , Michael Downing 1 (Jakub Vrana 3, Anatoli Golyshev 6) at 16:14 (PP)
3. Crunch , Brandon Biro 3 (Jeremy Bracco 4, Joe Veleno 1) at 18:10

Penalties :
Trevor Carrick (Cal) for Tripping (Minor) at 1:36, Tanner Jeannot (Cal) for Roughing (Minor) at 2:56, Jesper Bratt (Cal) for Kneeing (Minor) at 15:41

2nd period

4. Wranglers , Jesper Bratt 4 (Nico Sturm 11, Dominik Masin 5) at 0:48
5. Wranglers , Nico Sturm 8 (Jesper Bratt 6, Erik Brannstrom 8) at 1:15 (PP)
6. Crunch , Joe Veleno 2 (Cam Hillis 1, Michael Joly 2) at 9:21
7. Crunch , Joe Veleno 3 (Moritz Seider 4) at 19:16

Penalties :
Dylan Cozens (Syr) for Interference (Minor) at 0:59, Jesper Bratt (Cal) for Delaying the game (Minor) at 12:22, Christian Jaros (Cal) for Interference (Minor) at 15:45

3rd period

8. Wranglers , Jesper Bratt 5 (Barclay Goodrow 9, Dominik Masin 6) at 2:32
9. Crunch , Andrei Svechnikov 10 (Matias Maccelli 9, Dylan Cozens 7) at 7:22
10. Wranglers , Tanner Jeannot 1 (Christian Jaros 4, Brandon Hickey 5) at 16:03

Penalties :
Brandon Hickey (Cal) for High sticking (Minor) at 7:44

Goalie Stats

Vitek Vanecek (Cal), 9 saves from 13 shots - (0.692), 29:21 minutes
Collin Delia (Cal), 19 saves from 21 shots - (0.905), L, 0-1-1, 30:39 minutes
Josef Korenar (Syr), 34 saves from 38 shots - (0.895), W, 4-5-1, 60:00 minutes

Players Stats for Wranglers

Player Name              G  A  P  +/- PIM S  H  SB GA TA FO     MP     PP MP  PK MP  
------------------------------------------------------------------------------------
                         0  0  0   0  0   0  0  0  0  0  0/0     0:00   0:00   0:00 
                         0  0  0   0  0   0  0  0  0  0  0/0     0:00   0:00   0:00 
                         0  0  0   0  0   0  0  0  0  0  0/0     0:00   0:00   0:00 
                         0  0  0   0  0   0  0  0  0  0  0/0     0:00   0:00   0:00 
                         0  0  0   0  0   0  0  0  0  0  0/0     0:00   0:00   0:00 
                         0  0  0   0  0   0  0  0  0  0  0/0     0:00   0:00   0:00 
                         0  0  0   0  0   0  0  0  0  0  0/0     0:00   0:00   0:00 
Barclay Goodrow          0  1  1   2  0   5  0  0  0  0  2/5    21:35   0:16   4:53 
Brandon Hickey           0  1  1  -1  2   3  0  1  0  1  0/0    22:48   0:00   2:41 
Christian Jaros          0  1  1  -1  2   1  0  1  0  0  0/0    22:39   0:00   2:41 
Darren Raddysh           0  0  0  -1  0   0  0  0  0  0  0/0     7:45   0:00   0:00 
Dominik Masin            0  2  2   1  0   3  2  1  0  0  0/0    25:18   0:16   4:52 
Erik Brannstrom          0  1  1   1  0   2  5  3  0  2  0/0    25:18   0:16   4:52 
Jesper Bratt             2  1  3   2  4   8  3  0  1  0  3/4    16:36   0:16   0:00 
Kaapo Kakko              0  0  0   0  0   1  1  1  0  0  0/0    12:01   0:00   0:00 
Marco Rossi              0  0  0  -1  0   0  1  0  0  0  0/3     8:34   0:00   0:48 
Nico Sturm               1  1  2   2  0   4  0  1  2  1  20/32  21:42   0:16   5:00 
Petteri Lindbohm         0  0  0  -1  0   1  0  2  0  0  0/0    13:25   0:00   1:58 
Phillip Danault          0  0  0  -2  0   1  1  0  0  1  0/1    18:22   0:00   3:17 
Ryan Donato              0  0  0  -2  0   1  1  1  0  0  6/11   14:35   0:00   0:00 
Tanner Jeannot           1  0  1   0  2   4  2  0  0  1  0/1    11:55   0:00   0:00 
Taylor Raddysh           0  0  0  -2  0   1  3  1  0  0  0/0    14:35   0:00   0:00 
Trevor Carrick           0  0  0  -1  2   0  0  1  0  0  0/0    10:58   0:00   0:00 
Vitali Kravtsov          0  0  0  -1  0   2  0  0  1  0  0/1     8:30   0:00   0:45 
Vladislav Kamenev        0  0  0   0  0   1  0  1  0  0  3/6    14:46   0:00   2:21 

Players Stats for Crunch

Player Name              G  A  P  +/- PIM S  H  SB GA TA FO     MP     PP MP  PK MP  
------------------------------------------------------------------------------------
                         0  0  0   0  0   0  0  0  0  0  0/0     0:00   0:00   0:00 
                         0  0  0   0  0   0  0  0  0  0  0/0     0:00   0:00   0:00 
                         0  0  0   0  0   0  0  0  0  0  0/0     0:00   0:00   0:00 
                         0  0  0   0  0   0  0  0  0  0  0/0     0:00   0:00   0:00 
Anatoli Golyshev         0  1  1   0  0   2  2  0  1  0  0/0    16:54   3:39   0:00 
Andrei Svechnikov        1  1  2   0  0   6  2  1  1  1  1/5    23:01   4:53   0:16 
Barrett Hayton           0  0  0   0  0   3  1  0  0  0  6/11   16:54   3:39   0:00 
Blake Hillman            0  0  0   1  0   0  1  1  0  0  0/0    13:34   0:00   0:00 
Blake Lizotte            0  0  0  -1  0   1  0  0  1  0  3/6    10:55   0:00   0:00 
Brandon Biro             1  0  1  -1  0   2  4  0  0  0  1/1    10:55   0:00   0:00 
Cam Hillis               0  1  1   2  0   1  0  0  0  0  2/4     9:02   0:00   0:00 
Dylan Cozens             0  2  2   0  2   2  0  2  0  0  17/37  22:34   4:43   0:00 
Gustav Lindstrom         1  0  1   0  0   2  0  1  0  1  0/0    26:32   5:11   0:16 
Jake Sanderson           0  0  0   1  0   2  1  1  0  1  0/0    13:34   0:00   0:00 
Jakub Vrana              0  1  1   0  0   1  0  1  0  0  0/0    17:10   3:39   0:16 
Jeremy Bracco            0  1  1  -1  0   1  1  0  1  0  0/0    10:55   0:00   0:00 
Joe Veleno               2  1  3   2  0   2  0  0  0  0  0/0     9:02   0:00   0:00 
Liam Foudy               0  0  0   0  0   0  0  0  0  0  0/0     0:18   0:10   0:00 
Matias Maccelli          0  1  1   0  0   4  0  2  1  1  0/0    22:35   4:43   0:00 
Michael Downing          1  0  1   0  0   1  0  1  0  0  0/0    19:54   3:21   0:00 
Michael Joly             0  1  1   2  0   0  0  1  0  0  0/0     9:02   0:00   0:00 
Moritz Seider            0  1  1   0  0   2  0  2  0  0  0/0    19:54   3:21   0:00 
Nils Lundkvist           0  0  0   0  0   2  0  1  1  0  0/0    26:32   5:11   0:16 
Tristen Robins           0  0  0   0  0   0  0  0  0  0  0/0     0:08   0:00   0:00 
Ty Dellandrea            0  0  0   0  0   0  0  0  0  0  0/0     0:18   0:10   0:00 

3 Stars

1 - Joe Veleno (Syr)
2 - Jesper Bratt (Cal)
3 - Andrei Svechnikov (Syr)

Power Play

Wranglers - 1 on 1 Attempt(s) - 100.00%
Crunch - 2 on 6 Attempt(s) - 33.33%

Penalty Kill

Wranglers - 4 on 6 Attempt(s) - 66.67% - Score 0 goal in Penalty Kill
Crunch - 0 on 1 Attempt(s) - 0.00% - Score 0 goal in Penalty Kill

Team Stat

Wranglers - Hits : 19 - Faceoff Wins : 34 - Blocked Shots : 14 - Penalty Minutes : 12
Crunch - Hits : 12 - Faceoff Wins : 30 - Blocked Shots : 14 - Penalty Minutes : 2

Official

Referees : Jean Hebert and Brandon Schrader
Linesman : Ryan Daisy and Derek Nansen

Game Notes

Collin Delia enters game at 9:21 of 2nd period

Finance

Level 1 -- Attendance: 1683 (84.15%) -- Ticket Income $117,810
Level 2 -- Attendance: 963 (96.30%) -- Ticket Income $38,520
Total Attendance: 2646 (88.20%)
Total Ticket Income: $156,330
Other Income: $7,816
Total Income: $164,146

Wranglers

5 vs 5 Forward 
   Center                   Left Wing                Right Wing               Time % Phy DF OF 
 1 Nico Sturm               Jesper Bratt             Barclay Goodrow          40     1   2  2  
 2 Ryan Donato              Phillip Danault          Taylor Raddysh           30     1   2  2  
 3 Vladislav Kamenev        Tanner Jeannot           Kaapo Kakko              20     1   2  2  
 4 Marco Rossi              Vitali Kravtsov          Darren Raddysh           10     1   2  2  

5 vs 5 Defense 
   Defense                  Defense                                           Time % Phy DF OF 
 1 Dominik Masin            Erik Brannstrom                                   40     1   2  2  
 2 Brandon Hickey           Christian Jaros                                   30     1   2  2  
 3 Trevor Carrick           Petteri Lindbohm                                  20     1   2  2  
 4 Brandon Hickey           Christian Jaros                                   10     1   2  2  

PowerPlay Forward 
   Center                   Left Wing                Right Wing               Time % Phy DF OF 
 1 Nico Sturm               Jesper Bratt             Barclay Goodrow          60     1   2  2  
 2 Ryan Donato              Tanner Jeannot           Taylor Raddysh           40     1   2  2  

PowerPlay Defense
   Defense                  Defense                                           Time % Phy DF OF 
 1 Dominik Masin            Erik Brannstrom                                   60     1   2  2  
 2 Brandon Hickey           Christian Jaros                                   40     1   2  2  

Penalty Kill 4 Players Forward 
   Center                   Wing                     Time % Phy DF OF 
 1 Nico Sturm               Barclay Goodrow          60     1   2  2  
 2 Vladislav Kamenev        Phillip Danault          40     1   2  2  

Penalty Kill 4 Players Defense
   Defense                  Defense                  Time % Phy DF OF 
 1 Dominik Masin            Erik Brannstrom          60     1   2  2  
 2 Brandon Hickey           Christian Jaros          40     1   2  2  

Penalty Kill - 3 Players Forward 
   Forward                                           Time % Phy DF OF 
 1 Nico Sturm                                        60     1   2  2  
 2 Barclay Goodrow                                   40     1   2  2  

Penalty Kill - 3 Players Defense
   Defense                  Defense                  Time % Phy DF OF 
 1 Dominik Masin            Erik Brannstrom          60     1   2  2  
 2 Brandon Hickey           Christian Jaros          40     1   2  2  

4 vs 4 Forward 
   Center                   Wing                     Time % Phy DF OF 
 1 Nico Sturm               Jesper Bratt             60     1   2  2  
 2 Ryan Donato              Barclay Goodrow          40     1   2  2  

4 vs 4 Defense
   Defense                  Defense                  Time % Phy DF OF 
 1 Dominik Masin            Erik Brannstrom          60     1   2  2  
 2 Brandon Hickey           Christian Jaros          40     1   2  2  

Last Minutes Offensive
   Center                   Left Wing                Right Wing               Defense                  Defense                  
   Nico Sturm               Jesper Bratt             Barclay Goodrow          Dominik Masin            Erik Brannstrom          

Last Minutes Defensive
   Center                   Left Wing                Right Wing               Defense                  Defense                  
   Nico Sturm               Phillip Danault          Barclay Goodrow          Dominik Masin            Erik Brannstrom          

Goaltenders
Starting : Vitek Vanecek            
Backup : Collin Delia             

Extra Forwards
Normal : Nico Sturm, Barclay Goodrow, Phillip Danault - PP : Phillip Danault, Barclay Goodrow - PK : Phillip Danault
Extra Defensemen
Normal : Erik Brannstrom, Dominik Masin, Petteri Lindbohm - PP : Dominik Masin - PK : Christian Jaros, Petteri Lindbohm
Penalty Shots
Jesper Bratt, Ryan Donato, Nico Sturm, Taylor Raddysh, Phillip Danault
Custom OT Lines Forwards
Nico Sturm, Barclay Goodrow, Ryan Donato, Jesper Bratt, Phillip Danault, Kaapo Kakko, Taylor Raddysh, Marco Rossi, Tanner Jeannot, Vladislav Kamenev
Custom OT Lines Defensemen
Erik Brannstrom, Dominik Masin, Christian Jaros, Brandon Hickey, Petteri Lindbohm

Scratches
Chase Bradley (Healthy), William Villeneuve (Healthy), Yan Kuznetsov (Healthy), Skyler Brind'Amour (Healthy), Ivan Chekhovich (Healthy)
Radim Zohorna (Healthy), Zac Jones (Healthy), Yegor Zaitsev (Healthy), Lucas Feuk (Healthy), Cole Schwindt (Healthy)
Nico Daws (Healthy), Joel Hofer (Healthy)

Crunch

5 vs 5 Forward 
   Center                   Left Wing                Right Wing               Time % Phy DF OF 
 1 Dylan Cozens             Matias Maccelli          Andrei Svechnikov        40     1   2  2  
 2 Barrett Hayton           Anatoli Golyshev         Jakub Vrana              30     1   2  2  
 3 Blake Lizotte            Brandon Biro             Jeremy Bracco            20     1   2  2  
 4 Cam Hillis               Joe Veleno               Michael Joly             10     1   2  2  

5 vs 5 Defense 
   Defense                  Defense                                           Time % Phy DF OF 
 1 Nils Lundkvist           Gustav Lindstrom                                  40     1   2  2  
 2 Moritz Seider            Michael Downing                                   30     1   2  2  
 3 Jake Sanderson           Blake Hillman                                     20     1   2  2  
 4 Nils Lundkvist           Gustav Lindstrom                                  10     1   2  2  

PowerPlay Forward 
   Center                   Left Wing                Right Wing               Time % Phy DF OF 
 1 Dylan Cozens             Matias Maccelli          Andrei Svechnikov        60     1   2  2  
 2 Barrett Hayton           Anatoli Golyshev         Jakub Vrana              40     1   2  2  

PowerPlay Defense
   Defense                  Defense                                           Time % Phy DF OF 
 1 Nils Lundkvist           Gustav Lindstrom                                  60     1   2  2  
 2 Moritz Seider            Michael Downing                                   40     1   2  2  

Penalty Kill 4 Players Forward 
   Center                   Wing                     Time % Phy DF OF 
 1 Andrei Svechnikov        Jakub Vrana              60     1   2  2  
 2 Jeremy Bracco            Matias Maccelli          40     1   2  2  

Penalty Kill 4 Players Defense
   Defense                  Defense                  Time % Phy DF OF 
 1 Nils Lundkvist           Gustav Lindstrom         60     1   2  2  
 2 Moritz Seider            Michael Downing          40     1   2  2  

Penalty Kill - 3 Players Forward 
   Forward                                           Time % Phy DF OF 
 1 Andrei Svechnikov                                 60     1   2  2  
 2 Jakub Vrana                                       40     1   2  2  

Penalty Kill - 3 Players Defense
   Defense                  Defense                  Time % Phy DF OF 
 1 Nils Lundkvist           Gustav Lindstrom         60     1   2  2  
 2 Moritz Seider            Michael Downing          40     1   2  2  

4 vs 4 Forward 
   Center                   Wing                     Time % Phy DF OF 
 1 Andrei Svechnikov        Jakub Vrana              60     1   2  2  
 2 Jeremy Bracco            Matias Maccelli          40     1   2  2  

4 vs 4 Defense
   Defense                  Defense                  Time % Phy DF OF 
 1 Nils Lundkvist           Gustav Lindstrom         60     1   2  2  
 2 Moritz Seider            Michael Downing          40     1   2  2  

Last Minutes Offensive
   Center                   Left Wing                Right Wing               Defense                  Defense                  
   Dylan Cozens             Matias Maccelli          Andrei Svechnikov        Nils Lundkvist           Gustav Lindstrom         

Last Minutes Defensive
   Center                   Left Wing                Right Wing               Defense                  Defense                  
   Dylan Cozens             Matias Maccelli          Andrei Svechnikov        Nils Lundkvist           Gustav Lindstrom         

Goaltenders
Starting : Josef Korenar            
Backup : Lukas Dostal             

Extra Forwards
Normal : Liam Foudy, Ty Dellandrea, Tristen Robins - PP : Liam Foudy, Ty Dellandrea - PK : Tristen Robins
Extra Defensemen
Normal : Jake Sanderson, Blake Hillman, Moritz Seider - PP : Jake Sanderson - PK : Blake Hillman, Moritz Seider
Penalty Shots
Andrei Svechnikov, Jakub Vrana, Jeremy Bracco, Matias Maccelli, Anatoli Golyshev
Custom OT Lines Forwards
Andrei Svechnikov, Jakub Vrana, Jeremy Bracco, Matias Maccelli, Anatoli Golyshev, Michael Joly, Liam Foudy, Brandon Biro, Ty Dellandrea, Dylan Cozens
Custom OT Lines Defensemen
Nils Lundkvist, Gustav Lindstrom, Moritz Seider, Michael Downing, Jake Sanderson

Scratches
None


% Time on Ice - Wranglers

Lines # - Real PCT - Wanted PCT - Time Play
Normal Forward
1 - 32% - 40% - 16:22
2 - 30% - 30% - 15:09
3 - 23% - 20% - 11:56
4 - 15% - 10% - 7:45
Normal Defense
1 - 40% - 40% - 20:17
2 - 30% - 30% - 15:35
3 - 21% - 20% - 10:59
4 - 8% - 10% - 4:21
PP Forward
1 - 100% - 60% - 0:16
2 - 0% - 40% - 0:00
PP Defense
1 - 100% - 60% - 0:16
2 - 0% - 40% - 0:00
PK Forward
1 - 72% - 60% - 6:11
2 - 28% - 40% - 2:21
PK Defense
1 - 58% - 60% - 4:55
2 - 42% - 40% - 3:37
PK3 Forward
1 - 0% - 60%
2 - 0% - 40%
PK3 Defense
1 - 0% - 60%
2 - 0% - 40%
44 Forward
1 - 0% - 60%
2 - 0% - 40%
44 Defense
1 - 0% - 60%
2 - 0% - 40%
Last Minute Offensive  - 0:00
Last Minute Defensive  - 0:00
Total
Forward - 60:00
Defense - 60:00

% Time on Ice - Crunch

Lines # - Real PCT - Wanted PCT - Time Play
Normal Forward
1 - 35% - 40% - 18:00
2 - 26% - 30% - 13:15
3 - 21% - 20% - 10:55
4 - 18% - 10% - 9:02
Normal Defense
1 - 37% - 40% - 19:06
2 - 32% - 30% - 16:33
3 - 26% - 20% - 13:34
4 - 4% - 10% - 1:59
PP Forward
1 - 57% - 60% - 4:53
2 - 43% - 40% - 3:39
PP Defense
1 - 61% - 60% - 5:11
2 - 39% - 40% - 3:21
PK Forward
1 - 100% - 60% - 0:16
2 - 0% - 40% - 0:00
PK Defense
1 - 100% - 60% - 0:16
2 - 0% - 40% - 0:00
PK3 Forward
1 - 0% - 60%
2 - 0% - 40%
PK3 Defense
1 - 0% - 60%
2 - 0% - 40%
44 Forward
1 - 0% - 60%
2 - 0% - 40%
44 Defense
1 - 0% - 60%
2 - 0% - 40%
Last Minute Offensive  - 0:00
Last Minute Defensive  - 0:00
Total
Forward - 60:00
Defense - 60:00

Play-by-Play

1st period


0:01 of 1st period - Nico Sturm wins face-off versus Dylan Cozens in neutral zone.
0:50 of 1st period - Tanner Jeannot is hit by Brandon Biro and loses puck.
1:36 of 1st period - Minor Penalty to Trevor Carrick for Tripping.
1:37 of 1st period - Dylan Cozens wins face-off versus Nico Sturm in Wranglers zone.
1:37 of 1st period - Wrist shot by Andrei Svechnikov.
1:37 of 1st period - Stopped by Vitek Vanecek with a rebound.
1:39 of 1st period - Snap shot by Gustav Lindstrom.
1:39 of 1st period - Goal by Gustav Lindstrom - Wranglers : 0 - Crunch : 1.
1:40 of 1st period - Nico Sturm wins face-off versus Dylan Cozens in neutral zone.
1:55 of 1st period - Snap shot by Jesper Bratt.
1:55 of 1st period - Shot Misses the Net.
2:56 of 1st period - Minor Penalty to Tanner Jeannot for Roughing.
2:57 of 1st period - Nico Sturm wins face-off versus Dylan Cozens in Wranglers zone.
4:56 of 1st period - Penalty to Tanner Jeannot is over, Tanner Jeannot is back on ice.
5:13 of 1st period - Slapshot by Vladislav Kamenev.
5:13 of 1st period - Stopped by Josef Korenar with a rebound.
5:55 of 1st period - Icing by Blake Hillman.
5:56 of 1st period - Vladislav Kamenev wins face-off versus Barrett Hayton in Crunch zone.
6:30 of 1st period - Icing by Jake Sanderson.
6:31 of 1st period - Ryan Donato wins face-off versus Dylan Cozens in Crunch zone.
6:36 of 1st period - Snap shot by Taylor Raddysh.
6:36 of 1st period - Shot Blocked by Andrei Svechnikov.
6:38 of 1st period - Slapshot by Brandon Hickey.
6:38 of 1st period - Shot Blocked by Jake Sanderson.
6:42 of 1st period - Snap shot by Phillip Danault.
6:42 of 1st period - Deflect By Taylor Raddysh.
6:42 of 1st period - Shot Misses the Net.
6:42 of 1st period - Puck is out of play.
6:43 of 1st period - Nico Sturm wins face-off versus Barrett Hayton in Crunch zone.
6:59 of 1st period - Icing by Jakub Vrana.
7:00 of 1st period - Barrett Hayton wins face-off versus Ryan Donato in Crunch zone.
7:00 of 1st period - Barrett Hayton is hit by Phillip Danault.
7:10 of 1st period - Snap shot by Anatoli Golyshev.
7:10 of 1st period - Stopped by Vitek Vanecek without a rebound.
7:11 of 1st period - Nico Sturm wins face-off versus Dylan Cozens in Wranglers zone.
7:16 of 1st period - Wrist shot by Jesper Bratt.
7:16 of 1st period - Stopped by Josef Korenar without a rebound.
7:17 of 1st period - Nico Sturm wins face-off versus Andrei Svechnikov in Crunch zone.
7:34 of 1st period - Wrist shot by Jesper Bratt.
7:34 of 1st period - Deflect By Barclay Goodrow.
7:34 of 1st period - Stopped by Josef Korenar without a rebound.
7:35 of 1st period - Barrett Hayton wins face-off versus Ryan Donato in Crunch zone.
7:42 of 1st period - Backhand shot by Barrett Hayton.
7:42 of 1st period - Stopped by Vitek Vanecek with a rebound.
7:44 of 1st period - Slapshot by Barrett Hayton.
7:44 of 1st period - Stopped by Vitek Vanecek with a rebound.
8:02 of 1st period - Andrei Svechnikov is hit by Jesper Bratt and loses puck.
8:47 of 1st period - Wrist shot by Vitali Kravtsov.
8:47 of 1st period - Stopped by Josef Korenar with a rebound.
9:09 of 1st period - Snap shot by Taylor Raddysh.
9:09 of 1st period - Stopped by Josef Korenar without a rebound.
9:10 of 1st period - Nico Sturm wins face-off versus Dylan Cozens in Crunch zone.
9:55 of 1st period - Snap shot by Jeremy Bracco.
9:55 of 1st period - Stopped by Vitek Vanecek without a rebound.
9:56 of 1st period - Brandon Biro wins face-off versus Tanner Jeannot in Wranglers zone.
10:23 of 1st period - Snap shot by Barclay Goodrow.
10:23 of 1st period - Stopped by Josef Korenar with a rebound.
10:53 of 1st period - Snap shot by Jakub Vrana.
10:53 of 1st period - Shot Blocked by Taylor Raddysh.
11:14 of 1st period - Icing by Brandon Hickey.
11:15 of 1st period - Dylan Cozens wins face-off versus Marco Rossi in Wranglers zone.
11:16 of 1st period - Wrist shot by Andrei Svechnikov.
11:16 of 1st period - Shot Hit the Post.
11:39 of 1st period - Snap shot by Marco Rossi.
11:39 of 1st period - Shot Blocked by Michael Downing.
11:51 of 1st period - Wrist shot by Vitali Kravtsov.
11:51 of 1st period - Shot Misses the Net.
11:53 of 1st period - Slapshot by Marco Rossi.
11:53 of 1st period - Deflect By Vitali Kravtsov.
11:53 of 1st period - Stopped by Josef Korenar with a rebound.
12:17 of 1st period - Slapshot by Marco Rossi.
12:17 of 1st period - Deflect By Vitali Kravtsov.
12:17 of 1st period - Shot Misses the Net.
12:17 of 1st period - Puck is out of play.
12:18 of 1st period - Barrett Hayton wins face-off versus Barclay Goodrow in Crunch zone.
13:14 of 1st period - Snap shot by Jakub Vrana.
13:14 of 1st period - Shot Misses the Net.
14:54 of 1st period - Ryan Donato is hit by Andrei Svechnikov and loses puck.
15:41 of 1st period - Minor Penalty to Jesper Bratt for Kneeing.
15:42 of 1st period - Dylan Cozens wins face-off versus Nico Sturm in Wranglers zone.
16:12 of 1st period - Snap shot by Jakub Vrana.
16:12 of 1st period - Shot Misses the Net.
16:14 of 1st period - Snap shot by Michael Downing.
16:14 of 1st period - Goal by Michael Downing - Wranglers : 0 - Crunch : 2.
16:15 of 1st period - Nico Sturm wins face-off versus Dylan Cozens in neutral zone.
18:10 of 1st period - Snap shot by Brandon Biro.
18:10 of 1st period - Goal by Brandon Biro - Wranglers : 0 - Crunch : 3.
18:11 of 1st period - Ryan Donato wins face-off versus Dylan Cozens in neutral zone.
19:01 of 1st period - Tanner Jeannot is hit by Brandon Biro and loses puck.
19:10 of 1st period - Snap shot by Jeremy Bracco.
19:10 of 1st period - Shot Misses the Net.
19:12 of 1st period - Snap shot by Jeremy Bracco.
19:12 of 1st period - Deflect By Brandon Biro.
19:12 of 1st period - Shot Blocked by Trevor Carrick.
19:12 of 1st period - Puck is out of play.
19:13 of 1st period - Dylan Cozens wins face-off versus Nico Sturm in Wranglers zone.
19:30 of 1st period - Snap shot by Jesper Bratt.
19:30 of 1st period - Shot Misses the Net.
19:44 of 1st period - Slapshot by Anatoli Golyshev.
19:44 of 1st period - Stopped by Vitek Vanecek with a rebound.
Goals for this period are 0 for Wranglers vs 3 for Crunch.
Shots for this period are 7 for Wranglers vs 9 for Crunch.

2nd period


0:01 of 2nd period - Dylan Cozens wins face-off versus Nico Sturm in neutral zone.
0:10 of 2nd period - Snap shot by Barclay Goodrow.
0:10 of 2nd period - Stopped by Josef Korenar with a rebound.
0:28 of 2nd period - Wrist shot by Jakub Vrana.
0:28 of 2nd period - Shot Misses the Net.
0:30 of 2nd period - Snap shot by Anatoli Golyshev.
0:30 of 2nd period - Shot Misses the Net.
0:32 of 2nd period - Slapshot by Gustav Lindstrom.
0:32 of 2nd period - Shot Misses the Net.
0:36 of 2nd period - Wrist shot by Jakub Vrana.
0:36 of 2nd period - Stopped by Vitek Vanecek without a rebound.
0:37 of 2nd period - Nico Sturm wins face-off versus Dylan Cozens in Wranglers zone.
0:42 of 2nd period - Backhand shot by Jesper Bratt.
0:42 of 2nd period - Deflect By Barclay Goodrow.
0:42 of 2nd period - Stopped by Josef Korenar with a rebound.
0:44 of 2nd period - Snap shot by Dominik Masin.
0:44 of 2nd period - Shot Blocked by Matias Maccelli.
0:46 of 2nd period - Snap shot by Nico Sturm.
0:46 of 2nd period - Stopped by Josef Korenar with a rebound.
0:48 of 2nd period - Snap shot by Jesper Bratt.
0:48 of 2nd period - Goal by Jesper Bratt - Wranglers : 1 - Crunch : 3.
0:49 of 2nd period - Nico Sturm wins face-off versus Andrei Svechnikov in neutral zone.
0:54 of 2nd period - Wrist shot by Andrei Svechnikov.
0:54 of 2nd period - Shot Misses the Net.
0:59 of 2nd period - Minor Penalty to Dylan Cozens for Interference.
1:00 of 2nd period - Nico Sturm wins face-off versus Andrei Svechnikov in Crunch zone.
1:01 of 2nd period - Snap shot by Jesper Bratt.
1:01 of 2nd period - Stopped by Josef Korenar with a rebound.
1:03 of 2nd period - Slapshot by Dominik Masin.
1:03 of 2nd period - Shot Blocked by Gustav Lindstrom.
1:15 of 2nd period - Snap shot by Nico Sturm.
1:15 of 2nd period - Goal by Nico Sturm - Wranglers : 2 - Crunch : 3.
1:16 of 2nd period - Jesper Bratt wins face-off versus Dylan Cozens in neutral zone.
1:45 of 2nd period - Snap shot by Jeremy Bracco.
1:45 of 2nd period - Deflect By Brandon Biro.
1:45 of 2nd period - Shot Misses the Net.
1:45 of 2nd period - Puck is out of play.
1:46 of 2nd period - Ryan Donato wins face-off versus Blake Lizotte in Wranglers zone.
1:46 of 2nd period - Ryan Donato is hit by Jeremy Bracco.
1:49 of 2nd period - Icing by Phillip Danault.
1:50 of 2nd period - Ryan Donato wins face-off versus Blake Lizotte in Wranglers zone.
2:27 of 2nd period - Snap shot by Andrei Svechnikov.
2:27 of 2nd period - Shot Misses the Net.
3:39 of 2nd period - Dylan Cozens is hit by Jesper Bratt and loses puck.
3:46 of 2nd period - Wrist shot by Nico Sturm.
3:46 of 2nd period - Shot Misses the Net.
4:00 of 2nd period - Vladislav Kamenev is hit by Jake Sanderson and loses puck.
4:09 of 2nd period - Barrett Hayton is hit by Erik Brannstrom and loses puck.
4:47 of 2nd period - Wrist shot by Ryan Donato.
4:47 of 2nd period - Stopped by Josef Korenar without a rebound.
4:48 of 2nd period - Ryan Donato wins face-off versus Andrei Svechnikov in Crunch zone.
4:51 of 2nd period - Snap shot by Phillip Danault.
4:51 of 2nd period - Stopped by Josef Korenar without a rebound.
4:52 of 2nd period - Dylan Cozens wins face-off versus Nico Sturm in Crunch zone.
4:54 of 2nd period - Icing by Matias Maccelli.
4:55 of 2nd period - Dylan Cozens wins face-off versus Nico Sturm in Crunch zone.
5:10 of 2nd period - Snap shot by Matias Maccelli.
5:10 of 2nd period - Stopped by Vitek Vanecek with a rebound.
5:22 of 2nd period - Snap shot by Anatoli Golyshev.
5:22 of 2nd period - Shot Misses the Net.
5:24 of 2nd period - Wrist shot by Barrett Hayton.
5:24 of 2nd period - Shot Misses the Net.
5:26 of 2nd period - Snap shot by Anatoli Golyshev.
5:26 of 2nd period - Shot Misses the Net.
5:28 of 2nd period - Wrist shot by Jakub Vrana.
5:28 of 2nd period - Shot Blocked by Ryan Donato.
5:30 of 2nd period - Snap shot by Anatoli Golyshev.
5:30 of 2nd period - Shot Misses the Net.
5:41 of 2nd period - Off-side.
5:42 of 2nd period - Vladislav Kamenev wins face-off versus Cam Hillis in neutral zone.
5:53 of 2nd period - Snap shot by Kaapo Kakko.
5:53 of 2nd period - Shot Blocked by Moritz Seider.
6:12 of 2nd period - Nico Sturm is hit by Blake Hillman and loses puck.
6:46 of 2nd period - Erik Brannstrom is hit by Anatoli Golyshev and loses puck.
6:59 of 2nd period - Jeremy Bracco is hit by Erik Brannstrom and loses puck.
7:20 of 2nd period - Snap shot by Tanner Jeannot.
7:20 of 2nd period - Stopped by Josef Korenar without a rebound.
7:21 of 2nd period - Andrei Svechnikov wins face-off versus Vladislav Kamenev in Crunch zone.
7:21 of 2nd period - Andrei Svechnikov is hit by Tanner Jeannot.
7:29 of 2nd period - Snap shot by Dylan Cozens.
7:29 of 2nd period - Stopped by Vitek Vanecek with a rebound.
7:39 of 2nd period - Snap shot by Tanner Jeannot.
7:39 of 2nd period - Deflect By Kaapo Kakko.
7:39 of 2nd period - Shot Misses the Net.
7:39 of 2nd period - Puck is out of play.
7:40 of 2nd period - Barrett Hayton wins face-off versus Nico Sturm in Crunch zone.
8:10 of 2nd period - Wrist shot by Ryan Donato.
8:10 of 2nd period - Shot Misses the Net.
8:30 of 2nd period - Snap shot by Petteri Lindbohm.
8:30 of 2nd period - Stopped by Josef Korenar with a rebound.
8:36 of 2nd period - Slapshot by Tanner Jeannot.
8:36 of 2nd period - Stopped by Josef Korenar with a rebound.
8:58 of 2nd period - Snap shot by Joe Veleno.
8:58 of 2nd period - Shot Blocked by Petteri Lindbohm.
9:08 of 2nd period - Michael Joly is hit by Tanner Jeannot and loses puck.
9:21 of 2nd period - Wrist shot by Cam Hillis.
9:21 of 2nd period - Deflect By Joe Veleno.
9:21 of 2nd period - Deflect By Petteri Lindbohm.
9:21 of 2nd period - Goal by Joe Veleno - Wranglers : 2 - Crunch : 4.
9:21 of 2nd period - Collin Delia enters game.
9:22 of 2nd period - Nico Sturm wins face-off versus Dylan Cozens in neutral zone.
9:49 of 2nd period - Dominik Masin is hit by Barrett Hayton and loses puck.
9:56 of 2nd period - Slapshot by Anatoli Golyshev.
9:56 of 2nd period - Shot Misses the Net.
10:06 of 2nd period - Slapshot by Dominik Masin.
10:06 of 2nd period - Shot Misses the Net.
10:50 of 2nd period - Wrist shot by Phillip Danault.
10:50 of 2nd period - Shot Misses the Net.
10:52 of 2nd period - Slapshot by Christian Jaros.
10:52 of 2nd period - Shot Blocked by Moritz Seider.
10:54 of 2nd period - Slapshot by Brandon Hickey.
10:54 of 2nd period - Stopped by Josef Korenar without a rebound.
10:55 of 2nd period - Barclay Goodrow wins face-off versus Dylan Cozens in Crunch zone.
11:33 of 2nd period - Snap shot by Phillip Danault.
11:33 of 2nd period - Shot Blocked by Jakub Vrana.
12:12 of 2nd period - Wrist shot by Matias Maccelli.
12:12 of 2nd period - Stopped by Collin Delia with a rebound.
12:14 of 2nd period - Slapshot by Jake Sanderson.
12:14 of 2nd period - Stopped by Collin Delia without a rebound.
12:15 of 2nd period - Nico Sturm wins face-off versus Dylan Cozens in Wranglers zone.
12:22 of 2nd period - Slapshot by Erik Brannstrom.
12:22 of 2nd period - Stopped by Josef Korenar without a rebound.
12:22 of 2nd period - Minor Penalty to Jesper Bratt for Delaying the game.
12:23 of 2nd period - Dylan Cozens wins face-off versus Nico Sturm in Wranglers zone.
13:41 of 2nd period - Moritz Seider is hit by Dominik Masin and loses puck.
14:22 of 2nd period - Penalty to Jesper Bratt is over, Jesper Bratt is back on ice.
14:30 of 2nd period - Wrist shot by Tanner Jeannot.
14:30 of 2nd period - Shot Misses the Net.
14:36 of 2nd period - Kaapo Kakko is hit by Brandon Biro and loses puck.
14:47 of 2nd period - Joe Veleno is hit by Taylor Raddysh and loses puck.
15:45 of 2nd period - Minor Penalty to Christian Jaros for Interference.
15:46 of 2nd period - Dylan Cozens wins face-off versus Nico Sturm in Wranglers zone.
15:52 of 2nd period - Wrist shot by Andrei Svechnikov.
15:52 of 2nd period - Stopped by Collin Delia without a rebound.
15:53 of 2nd period - Nico Sturm wins face-off versus Dylan Cozens in Wranglers zone.
16:41 of 2nd period - Slapshot by Petteri Lindbohm.
16:41 of 2nd period - Shot Blocked by Nils Lundkvist.
16:48 of 2nd period - Off-side.
16:49 of 2nd period - Barrett Hayton wins face-off versus Nico Sturm in neutral zone.
16:52 of 2nd period - Snap shot by Moritz Seider.
16:52 of 2nd period - Shot Misses the Net.
16:54 of 2nd period - Wrist shot by Moritz Seider.
16:54 of 2nd period - Deflect By Barrett Hayton.
16:54 of 2nd period - Stopped by Collin Delia with a rebound.
16:56 of 2nd period - Snap shot by Moritz Seider.
16:56 of 2nd period - Shot Blocked by Nico Sturm.
17:37 of 2nd period - Matias Maccelli is hit by Dominik Masin and loses puck.
17:45 of 2nd period - Penalty to Christian Jaros is over, Christian Jaros is back on ice.
18:13 of 2nd period - Slapshot by Erik Brannstrom.
18:13 of 2nd period - Shot Blocked by Blake Hillman.
18:15 of 2nd period - Slapshot by Erik Brannstrom.
18:15 of 2nd period - Stopped by Josef Korenar without a rebound.
18:16 of 2nd period - Cam Hillis wins face-off versus Ryan Donato in Crunch zone.
18:16 of 2nd period - Cam Hillis is hit by Ryan Donato.
18:28 of 2nd period - Snap shot by Joe Veleno.
18:28 of 2nd period - Deflect By Cam Hillis.
18:28 of 2nd period - Shot Hit the Post.
18:28 of 2nd period - Puck is out of play.
18:29 of 2nd period - Nico Sturm wins face-off versus Dylan Cozens in Wranglers zone.
18:55 of 2nd period - Taylor Raddysh is hit by Anatoli Golyshev and loses puck.
19:16 of 2nd period - Wrist shot by Joe Veleno.
19:16 of 2nd period - Goal by Joe Veleno - Wranglers : 2 - Crunch : 5.
19:17 of 2nd period - Jesper Bratt wins face-off versus Dylan Cozens in neutral zone.
19:24 of 2nd period - Slapshot by Erik Brannstrom.
19:24 of 2nd period - Shot Misses the Net.
19:26 of 2nd period - Wrist shot by Jesper Bratt.
19:26 of 2nd period - Deflect By Matias Maccelli.
19:26 of 2nd period - Shot Blocked by Dylan Cozens.
19:26 of 2nd period - Puck is out of play.
19:27 of 2nd period - Nico Sturm wins face-off versus Dylan Cozens in Crunch zone.
19:30 of 2nd period - Slapshot by Barclay Goodrow.
19:30 of 2nd period - Shot Blocked by Matias Maccelli.
19:32 of 2nd period - Snap shot by Barclay Goodrow.
19:32 of 2nd period - Shot Blocked by Dylan Cozens.
19:34 of 2nd period - Slapshot by Dominik Masin.
19:34 of 2nd period - Stopped by Josef Korenar with a rebound.
19:36 of 2nd period - Snap shot by Nico Sturm.
19:36 of 2nd period - Shot Misses the Net.
19:42 of 2nd period - Slapshot by Nico Sturm.
19:42 of 2nd period - Stopped by Josef Korenar with a rebound.
19:52 of 2nd period - Snap shot by Jesper Bratt.
19:52 of 2nd period - Shot Misses the Net.
19:54 of 2nd period - Wrist shot by Dominik Masin.
19:54 of 2nd period - Deflect By Nico Sturm.
19:54 of 2nd period - Stopped by Josef Korenar with a rebound.
19:56 of 2nd period - Wrist shot by Barclay Goodrow.
19:56 of 2nd period - Shot Misses the Net.
19:58 of 2nd period - Slapshot by Jesper Bratt.
19:58 of 2nd period - Stopped by Josef Korenar without a rebound.
19:59 of 2nd period - Ryan Donato wins face-off versus Barrett Hayton in Crunch zone.
Goals for this period are 2 for Wranglers vs 2 for Crunch.
Shots for this period are 18 for Wranglers vs 9 for Crunch.

3rd period


0:01 of 3rd period - Dylan Cozens wins face-off versus Nico Sturm in neutral zone.
0:03 of 3rd period - Off-side.
0:04 of 3rd period - Nico Sturm wins face-off versus Dylan Cozens in neutral zone.
0:07 of 3rd period - Matias Maccelli is hit by Jesper Bratt and loses puck.
0:12 of 3rd period - Snap shot by Barclay Goodrow.
0:12 of 3rd period - Shot Misses the Net.
0:14 of 3rd period - Slapshot by Dominik Masin.
0:14 of 3rd period - Stopped by Josef Korenar with a rebound.
0:16 of 3rd period - Slapshot by Barclay Goodrow.
0:16 of 3rd period - Stopped by Josef Korenar with a rebound.
0:18 of 3rd period - Slapshot by Erik Brannstrom.
0:18 of 3rd period - Deflect By Jesper Bratt.
0:18 of 3rd period - Stopped by Josef Korenar with a rebound.
0:52 of 3rd period - Brandon Hickey is hit by Brandon Biro and loses puck.
1:56 of 3rd period - Slapshot by Moritz Seider.
1:56 of 3rd period - Stopped by Collin Delia with a rebound.
2:32 of 3rd period - Wrist shot by Jesper Bratt.
2:32 of 3rd period - Goal by Jesper Bratt - Wranglers : 3 - Crunch : 5.
2:33 of 3rd period - Nico Sturm wins face-off versus Dylan Cozens in neutral zone.
3:00 of 3rd period - Jakub Vrana is hit by Taylor Raddysh and loses puck.
3:09 of 3rd period - Wrist shot by Taylor Raddysh.
3:09 of 3rd period - Shot Misses the Net.
3:29 of 3rd period - Snap shot by Brandon Biro.
3:29 of 3rd period - Stopped by Collin Delia with a rebound.
3:41 of 3rd period - Wrist shot by Brandon Biro.
3:41 of 3rd period - Shot Blocked by Christian Jaros.
3:43 of 3rd period - Slapshot by Cam Hillis.
3:43 of 3rd period - Stopped by Collin Delia without a rebound.
3:44 of 3rd period - Cam Hillis wins face-off versus Vitali Kravtsov in Wranglers zone.
4:13 of 3rd period - Barclay Goodrow is hit by Andrei Svechnikov and loses puck.
4:34 of 3rd period - Wrist shot by Gustav Lindstrom.
4:34 of 3rd period - Shot Blocked by Erik Brannstrom.
4:36 of 3rd period - Slapshot by Barrett Hayton.
4:36 of 3rd period - Shot Blocked by Erik Brannstrom.
4:38 of 3rd period - Slapshot by Nils Lundkvist.
4:38 of 3rd period - Stopped by Collin Delia with a rebound.
4:40 of 3rd period - Backhand shot by Nils Lundkvist.
4:40 of 3rd period - Stopped by Collin Delia without a rebound.
4:41 of 3rd period - Nico Sturm wins face-off versus Barrett Hayton in Wranglers zone.
5:37 of 3rd period - Backhand shot by Andrei Svechnikov.
5:37 of 3rd period - Deflect By Matias Maccelli.
5:37 of 3rd period - Stopped by Collin Delia with a rebound.
6:40 of 3rd period - Wrist shot by Dylan Cozens.
6:40 of 3rd period - Stopped by Collin Delia without a rebound.
6:41 of 3rd period - Dylan Cozens wins face-off versus Ryan Donato in Wranglers zone.
7:00 of 3rd period - Snap shot by Andrei Svechnikov.
7:00 of 3rd period - Shot Misses the Net.
7:22 of 3rd period - Slapshot by Andrei Svechnikov.
7:22 of 3rd period - Goal by Andrei Svechnikov - Wranglers : 3 - Crunch : 6.
7:23 of 3rd period - Barclay Goodrow wins face-off versus Barrett Hayton in neutral zone.
7:32 of 3rd period - Wrist shot by Nico Sturm.
7:32 of 3rd period - Shot Misses the Net.
7:34 of 3rd period - Backhand shot by Brandon Hickey.
7:34 of 3rd period - Stopped by Josef Korenar with a rebound.
7:44 of 3rd period - Minor Penalty to Brandon Hickey for High sticking.
7:45 of 3rd period - Dylan Cozens wins face-off versus Barclay Goodrow in Wranglers zone.
8:14 of 3rd period - Gustav Lindstrom is hit by Erik Brannstrom and loses puck.
8:27 of 3rd period - Wrist shot by Andrei Svechnikov.
8:27 of 3rd period - Shot Blocked by Vladislav Kamenev.
8:57 of 3rd period - Icing by Moritz Seider.
8:58 of 3rd period - Dylan Cozens wins face-off versus Barclay Goodrow in Crunch zone.
9:03 of 3rd period - Wrist shot by Moritz Seider.
9:03 of 3rd period - Shot Blocked by Dominik Masin.
9:44 of 3rd period - Penalty to Brandon Hickey is over, Brandon Hickey is back on ice.
10:05 of 3rd period - Slapshot by Moritz Seider.
10:05 of 3rd period - Stopped by Collin Delia with a rebound.
10:53 of 3rd period - Michael Downing is hit by Erik Brannstrom and loses puck.
11:08 of 3rd period - Snap shot by Dominik Masin.
11:08 of 3rd period - Stopped by Josef Korenar with a rebound.
11:10 of 3rd period - Snap shot by Vitali Kravtsov.
11:10 of 3rd period - Shot Blocked by Michael Joly.
11:22 of 3rd period - Wrist shot by Kaapo Kakko.
11:22 of 3rd period - Stopped by Josef Korenar without a rebound.
11:23 of 3rd period - Vladislav Kamenev wins face-off versus Blake Lizotte in Crunch zone.
11:37 of 3rd period - Off-side.
11:38 of 3rd period - Nico Sturm wins face-off versus Dylan Cozens in neutral zone.
12:03 of 3rd period - Barrett Hayton is hit by Taylor Raddysh and loses puck.
12:33 of 3rd period - Slapshot by Brandon Hickey.
12:33 of 3rd period - Stopped by Josef Korenar with a rebound.
12:55 of 3rd period - Moritz Seider is hit by Marco Rossi and loses puck.
13:36 of 3rd period - Snap shot by Jakub Vrana.
13:36 of 3rd period - Shot Misses the Net.
13:38 of 3rd period - Snap shot by Nils Lundkvist.
13:38 of 3rd period - Shot Misses the Net.
13:40 of 3rd period - Wrist shot by Michael Joly.
13:40 of 3rd period - Shot Blocked by Petteri Lindbohm.
13:42 of 3rd period - Slapshot by Gustav Lindstrom.
13:42 of 3rd period - Stopped by Collin Delia without a rebound.
13:43 of 3rd period - Jesper Bratt wins face-off versus Cam Hillis in Wranglers zone.
14:00 of 3rd period - Wrist shot by Jesper Bratt.
14:00 of 3rd period - Shot Misses the Net.
14:32 of 3rd period - Anatoli Golyshev is hit by Erik Brannstrom.
14:51 of 3rd period - Icing by Jakub Vrana.
14:52 of 3rd period - Barrett Hayton wins face-off versus Marco Rossi in Crunch zone.
15:01 of 3rd period - Icing by Marco Rossi.
15:02 of 3rd period - Dylan Cozens wins face-off versus Marco Rossi in Wranglers zone.
15:11 of 3rd period - Wrist shot by Andrei Svechnikov.
15:11 of 3rd period - Stopped by Collin Delia without a rebound.
15:12 of 3rd period - Dylan Cozens wins face-off versus Jesper Bratt in Wranglers zone.
15:13 of 3rd period - Wrist shot by Andrei Svechnikov.
15:13 of 3rd period - Shot Misses the Net.
15:21 of 3rd period - Snap shot by Jesper Bratt.
15:21 of 3rd period - Stopped by Josef Korenar with a rebound.
15:23 of 3rd period - Slapshot by Christian Jaros.
15:23 of 3rd period - Stopped by Josef Korenar with a rebound.
15:25 of 3rd period - Snap shot by Jesper Bratt.
15:25 of 3rd period - Stopped by Josef Korenar with a rebound.
15:27 of 3rd period - Snap shot by Barclay Goodrow.
15:27 of 3rd period - Shot Misses the Net.
16:01 of 3rd period - Snap shot by Christian Jaros.
16:01 of 3rd period - Deflect By Tanner Jeannot.
16:01 of 3rd period - Stopped by Josef Korenar with a rebound.
16:03 of 3rd period - Slapshot by Tanner Jeannot.
16:03 of 3rd period - Goal by Tanner Jeannot - Wranglers : 4 - Crunch : 6.
16:04 of 3rd period - Blake Lizotte wins face-off versus Nico Sturm in neutral zone.
16:07 of 3rd period - Snap shot by Jeremy Bracco.
16:07 of 3rd period - Shot Misses the Net.
16:09 of 3rd period - Wrist shot by Jeremy Bracco.
16:09 of 3rd period - Shot Blocked by Erik Brannstrom.
16:15 of 3rd period - Wrist shot by Jeremy Bracco.
16:15 of 3rd period - Shot Misses the Net.
16:21 of 3rd period - Slapshot by Dominik Masin.
16:21 of 3rd period - Shot Misses the Net.
16:33 of 3rd period - Snap shot by Andrei Svechnikov.
16:33 of 3rd period - Stopped by Collin Delia with a rebound.
16:35 of 3rd period - Slapshot by Nils Lundkvist.
16:35 of 3rd period - Shot Misses the Net.
16:37 of 3rd period - Wrist shot by Gustav Lindstrom.
16:37 of 3rd period - Shot Blocked by Kaapo Kakko.
16:39 of 3rd period - Slapshot by Nils Lundkvist.
16:39 of 3rd period - Shot Misses the Net.
18:32 of 3rd period - Snap shot by Andrei Svechnikov.
18:32 of 3rd period - Stopped by Collin Delia without a rebound.
18:33 of 3rd period - Blake Lizotte wins face-off versus Vladislav Kamenev in Wranglers zone.
18:38 of 3rd period - Wrist shot by Brandon Biro.
18:38 of 3rd period - Shot Misses the Net.
18:40 of 3rd period - Slapshot by Jake Sanderson.
18:40 of 3rd period - Deflect By Erik Brannstrom.
18:40 of 3rd period - Stopped by Collin Delia without a rebound.
18:41 of 3rd period - Blake Lizotte wins face-off versus Vladislav Kamenev in Wranglers zone.
18:52 of 3rd period - Brandon Biro is hit by Kaapo Kakko and loses puck.
19:09 of 3rd period - Wrist shot by Jeremy Bracco.
19:09 of 3rd period - Deflect By Blake Lizotte.
19:09 of 3rd period - Stopped by Collin Delia without a rebound.
19:10 of 3rd period - Dylan Cozens wins face-off versus Phillip Danault in Wranglers zone.
19:11 of 3rd period - Snap shot by Matias Maccelli.
19:11 of 3rd period - Shot Blocked by Brandon Hickey.
19:13 of 3rd period - Slapshot by Nils Lundkvist.
19:13 of 3rd period - Deflect By Matias Maccelli.
19:13 of 3rd period - Stopped by Collin Delia without a rebound.
19:14 of 3rd period - Dylan Cozens wins face-off versus Ryan Donato in Wranglers zone.
Goals for this period are 2 for Wranglers vs 1 for Crunch.
Shots for this period are 13 for Wranglers vs 16 for Crunch.